 Dungeon Crawl Stone Soup version 0.19.3 (webtiles) character file.

520 Kyobi the Slasher (level 7, -6/60 HPs)
             Began as a Hill Orc Fighter on Jan 22, 2017.
             Mangled by an ogre
             ... wielding a +0 giant club
              (21 damage)
             ... on level 4 of the Dungeon.
             The game lasted 00:20:42 (2871 turns).

Kyobi the Slasher (Hill Orc Fighter)                Turns: 2871, Time: 00:20:42

Health: -6/60      AC: 16    Str: 21    XL:     7   Next: 21%
Magic:  7/7        EV:  4    Int:  8    God:
Gold:   118        SH: 10    Dex: 10    Spells: 0 memorised, 6 levels left

rFire  . . .     SeeInvis .     a - +0 long sword
rCold  . . .     Gourm    .     q - +0 plate armour
rNeg   . . .     Faith    .     c - +0 shield
rPois  .         Spirit   .     d - +0 helmet
rElec  .         Reflect  .     (no cloak)
rCorr  .         Harm     .     (no gloves)
MR     .....                    b - +2 pair of boots
Stlth  ..........               (no amulet)
                                (no ring)
                                (no ring)

@: no status effects
A: no striking features
a: no special abilities


You were on level 4 of the Dungeon.
You were not hungry.

You visited 1 branch of the dungeon, and saw 4 of its levels.

You collected 118 gold pieces.

Inventory:

Hand Weapons
 a - a +0 long sword (weapon)
Armour
 b - a +2 pair of boots (worn)
 c - a +0 shield (worn)
 d - a +0 helmet (worn)
 q - a +0 plate armour (worn)
Jewellery
 n - an uncursed ring of protection from cold
Scrolls
 e - 2 scrolls of random uselessness {unknown}
 i - a scroll of remove curse {unknown}
 o - 2 scrolls of identify {unknown}
 p - a scroll of enchant weapon {unknown}
Potions
 g - 2 potions of heal wounds {unknown}
 h - a potion of cure mutation {unknown}
 m - a potion of curing {unknown}
 r - a potion of brilliance {unknown}
Comestibles
 f - 5 bread rations
 j - a royal jelly
 k - 3 fruits
 l - a meat ration
 s - 2 chunks of flesh


   Skills:
 + Level 4.8 Fighting
 + Level 5.1 Long Blades
 + Level 4.8 Armour
 + Level 1.4 Dodging
 + Level 0.5 Stealth
 + Level 5.0 Shields


You had 6 spell levels left.
You didn't know any spells.

Dungeon Overview and Level Annotations

Branches:
Dungeon (4/15)
 Temple: D:4-7

Altars:
Fedhas
Qazlal
Sif Muna


Message History

You closely miss the ogre.
The ogre is lightly wounded.
The ogre hits you with a giant club.
You slash the ogre!
The ogre is moderately wounded.
The ogre hits you with a giant club!
You barely miss the ogre.
The ogre is moderately wounded.
You block the ogre's attack.
You hit the ogre.
The ogre is heavily wounded.
The ogre hits you with a giant club!
* * * LOW HITPOINT WARNING * * *
You hit the ogre.
The ogre is heavily wounded.
You block the ogre's attack.
You hit the ogre.
The ogre is severely wounded.
The ogre hits you with a giant club!!
You die...

#.......# #........
......... ........#
........# #....?..#
........# #
#.......##########
#
..##.##rO@.......#
# ##########.###
.........##.
#...#######
............#
###.......#
#...........######
#.......# #
#................
#.......#
###.....(..........
##......#
.......#....#.....
##.#####
..##...##........#
#.#


You could see an ogre and a quokka.

Vanquished Creatures
  An ogre (D:4)
  A scorpion (D:4)
  3 orc wizards (D:4)
  A bullfrog skeleton (D:4)
  Jessica (D:3)
  2 worker ants
  A hound skeleton (D:4)
  Robin (D:3)
  8 adders
  2 oozes (D:3)
  A worm (D:3)
  4 dart slugs
  2 leopard geckos
  6 orcs
  3 giant cockroaches
  15 goblins
  9 hobgoblins
  2 quokkas
  3 ball pythons
  9 bats
  4 frilled lizards
  7 kobolds
  7 rats
93 creatures vanquished.

Notes
Turn   | Place    | Note
-------+----------+-------------------------------------------
     0 | D:1      | Kyobi the Hill Orc Fighter began the quest for the Orb.
     0 | D:1      | Reached XP level 1. HP: 19/19 MP: 1/1
   154 | D:1      | Reached XP level 2. HP: 22/27 MP: 2/2
   693 | D:1      | Reached XP level 3. HP: 33/33 MP: 3/3
  1143 | D:2      | Reached XP level 4. HP: 20/40 MP: 4/4
  1152 | D:2      | Upgraded the game from 0.19.1-28-ge1247f7 to 0.19.3
  1750 | D:3      | Found a stormy altar of Qazlal.
  1834 | D:3      | Reached skill level 1 in Dodging
  1834 | D:3      | Reached XP level 5. HP: 25/46 MP: 5/5
  2175 | D:3      | Found a deep blue altar of Sif Muna.
  2175 | D:3      | Noticed Robin
  2200 | D:3      | Noticed Jessica
  2227 | D:3      | Killed Robin
  2230 | D:3      | Killed Jessica
  2421 | D:4      | Reached XP level 6. HP: 44/53 MP: 6/6
  2540 | D:4      | Found a blossoming altar of Fedhas.
  2594 | D:4      | Reached skill level 5 in Long Blades
  2594 | D:4      | Reached XP level 7. HP: 27/60 MP: 7/7
  2747 | D:4      | Reached skill level 5 in Shields
  2871 | D:4      | Mangled by an ogre

Skill      XL: |  1  2  3  4  5  6  7 |
---------------+----------------------+-----
Fighting       | 4 |  4.8
Shields        | 4 5 |  5.0
Armour         | 4 |  4.8
Long Blades    | 3 4 5 |  5.1
Dodging        | 1 |  1.4
Stealth        | |  0.5

Action                   |  1- 3 |  4- 6 |  7- 9 || total
-------------------------+-------+-------+-------++-------
Melee: Long sword        |   137 |   227 |    45 ||   409
  Use: Potion            |       |     1 |       ||     1
 Stab: Distracted        |       |     1 |       ||     1
  Eat: Chunk             |     1 |       |     1 ||     2
       Meat ration       |       |     1 |       ||     1
Armor: Scale mail        |    79 |    43 |       ||   122
       Plate armour      |       |    84 |    39 ||   123
Dodge: Dodged            |    43 |    62 |    10 ||   115
Block: Shield            |    72 |   139 |    44 ||   255
       Rpst.: Long sword |    14 |    16 |     3 ||    33
